 Dungeon Crawl Stone Soup version 0.18-a0-1433-g1d8109a (webtiles) character file.

49 KarvaRausku the Charmwright (level 3, -1/25 HPs)
             Began as a High Elf Skald on Feb 28, 2016.
             Was a Follower of Qazlal.
             Slain by a gnoll (5 damage)
             ... on level 2 of the Dungeon.
             The game lasted 00:03:28 (1811 turns).

KarvaRausku the Charmwright (High Elf Skald)        Turns: 1811, Time: 00:03:28

Health: -1/25      AC:  3    Str: 11    XL:     3   Next: 53%
Magic:  4/8        EV:  6    Int: 16    God:    Qazlal [*.....]
Gold:   31         SH:  1    Dex: 15    Spells: 1 memorised, 7 levels left

rFire  . . .     SeeInvis .     a - +0 falchion
rCold  . . .     Gourm    .     b - +0 leather armour
rNeg   . . .     Faith    .     (no shield)
rPois  .         Spirit   .     (no helmet)
rElec  .         Dismiss  .     (no cloak)
rCorr  .         Reflect  .     (no gloves)
SustAt .         Harm     .     (no boots)
MR     .....                    (no amulet)
Stlth  +.........               (no ring)
                                (no ring)

@: infused, not resistant to hostile enchantments, very unstealthy
A: no striking features
a: Renounce Religion


You were on level 2 of the Dungeon.
You worshipped Qazlal.
Qazlal was aware of your devotion.
You were not hungry.

You visited 1 branch of the dungeon, and saw 2 of its levels.

You collected 31 gold pieces.

Inventory:

Hand Weapons
 a - a +0 falchion (weapon)
Armour
 b - a +0 leather armour (worn)
Jewellery
 j - an uncursed ring of resist corrosion {unknown}
Scrolls
 f - a scroll of recharging {unknown}
 g - a scroll of enchant weapon {unknown}
 i - 2 scrolls of identify {unknown}
 l - a scroll of teleportation {unknown}
 m - a scroll of fog {unknown}
 n - a scroll of noise {unknown}
 q - a scroll of magic mapping {unknown}
Potions
 e - 2 potions of heal wounds {unknown}
 h - a potion of degeneration {unknown}
 k - 2 potions of ambrosia {unknown}
 o - a potion of berserk rage {unknown}
 p - a potion of curing {unknown}
Books
 c - a book of Battle

   Spells                             Type                      Level
   a - Infusion                       Charms                       1
   b - Shroud of Golubria             Charms/Translocation         2
   c - Song of Slaying                Charms                       2
   d - Spectral Weapon                Hexes/Charms                 3
   e - Regeneration                   Charms/Necromancy            3
Comestibles
 d - 2 bread rations


   Skills:
 + Level 2.6 Fighting
 + Level 3.2 Long Blades
 - Level 0.8 Armour
 - Level 1.1 Dodging
 + Level 3.0 Spellcasting
 + Level 4.2 Charms


You had 7 spell levels left.
You knew the following spells:

 Your Spells              Type           Power        Failure   Level  Hunger
a - Infusion              Chrm           ###.         6%          1    #......


Dungeon Overview and Level Annotations

Branches:
Dungeon (2/15)

Altars:
Qazlal
The Shining One


Message History

The gnoll hits you but does no damage. The gnoll barely misses you.
A quokka comes into view.
Found 7 gold pieces.
Unknown command.
A goblin comes into view. It is wielding a dagger.
The goblin shouts!
The gnoll barely misses you. The gnoll hits you. The gnoll barely misses you.
The quokka closely misses you. You block the gnoll's attack.
The quokka misses you. x2
The gnoll hits you from afar with a halberd!
The gnoll hits you.
The quokka twitches its whiskers.
The gnoll hits you from afar with a halberd!
* * * LOW HITPOINT WARNING * * *
There is a stone staircase leading up here.
The gnoll hits you from afar with a halberd.
* * * LOW HITPOINT WARNING * * *
The gnoll hits you.
You die...

.... ..$g .....
.....####
........##########
.........##..rg@.#####
...)......g..gg........
.............g..r#.....
##.......8.............
........8.8)....#......
.##....8._.8.#....!....
#.....8.8..#..#......
........8.....##.....
###...................


You could see 4 gnolls, 2 quokkas and a goblin.

Vanquished Creatures
  A gnoll (D:1)
  An ooze (D:1)
  2 dart slugs (D:1)
  4 giant cockroaches (D:1)
  A goblin (D:1)
  4 hobgoblins
  5 kobolds (D:1)
  A quokka (D:1)
  3 bats (D:1)
  5 giant newts
  4 rats (D:1)
31 creatures vanquished.

Notes
Turn   | Place    | Note
--------------------------------------------------------------
     0 | D:1      | KarvaRausku the High Elf Skald began the quest for the Orb.
     0 | D:1      | Reached XP level 1. HP: 14/14 MP: 4/4
   110 | D:1      | Reached XP level 2. HP: 9/19 MP: 2/6
   440 | D:1      | Reached skill level 4 in Charms
  1010 | D:1      | Found a glowing golden altar of the Shining One.
  1043 | D:1      | Reached XP level 3. HP: 16/25 MP: 6/8
  1781 | D:2      | Found a faded altar to an unknown god.
  1789 | D:2      | Became a worshipper of Qazlal Stormbringer
  1789 | D:2      | Reached * piety under Qazlal
  1811 | D:2      | Slain by a gnoll

Vault maps used:
D:1:      nagdon_arrival_zigzag_paths, tso_metal_star
D:2:      marbit_many_paths, ecumenical_altar_2, first_bread,
          serial_bayou_crossing

Skill      XL: |  1  2  3 |
---------------+----------+-----
Charms         | 4 |  4.2
Long Blades    | 3 |  3.2
Spellcasting   | 3 |  3.0
Fighting       | |  2.6
Armour         | |  0.8
Dodging        | |  1.1

Action                   || total
-------------------------++-------
Melee: Falchion          ||    89
 Cast: Infusion          ||    10
  Eat: Chunk             ||     3
